 Dungeon Crawl Stone Soup version 0.27-a0-1193-g8631133539 (webtiles) character file.

Game seed: 734569055901207638

1570 robertstho the Slasher (level 8, 0/48 HPs)
             Began as a Tengu Berserker on May 26, 2021.
             Was a Believer of Trog.
             Succumbed to a water moccasin's poison
             ... on level 5 of the Dungeon.
             The game lasted 00:06:04 (4604 turns).

robertstho the Slasher (Tengu Berserker)            Turns: 4604, Time: 00:06:04

Health: 0/48       AC: 15    Str: 21    XL:     8   Next: 90%
Magic:  9/9        EV:  4    Int:  7    God:    Trog [**....]
Gold:   179        SH: 15    Dex: 13    Spells: 7/7 levels left

rFire    + . .     SeeInvis .   a - +0 falchion
rCold    . . .     Faith    .   j - +0 tower shield
rNeg     . . .     Spirit   .   t - +0 plate armour
rPois    .         Reflect  .   (helmet restricted)
rElec    .         Harm     .   o - +1 cloak
rCorr    .         Rampage  .   s - +0 pair of gloves
Will     ++...                  (boots unavailable)
Stlth    ..........             (no amulet)
HPRegen  1.16/turn              h - ring of fire
MPRegen  0.11/turn              p - ring of protection from cold

@: lethally poisoned (0 -> -3), strong-willed, flying quickly and evasively,
regenerating, hasted, very quick
A: beak, talons 3, nimble flight
a: Renounce Religion, Berserk, Trog's Hand


You were on level 5 of the Dungeon.
You worshipped Trog.
Trog was pleased with you.
You visited 1 branch of the dungeon, and saw 5 of its levels.

You collected 254 gold pieces.
You spent 75 gold pieces at shops.

Inventory:

Hand Weapons
 a - a +0 falchion (weapon)
Armour
 j - a +0 tower shield (worn)
 o - a +1 cloak (worn)
 s - a +0 pair of gloves (worn)
 t - a +0 plate armour (worn)
Jewellery
 h - a ring of fire (left hand)
 p - a ring of protection from cold (right hand)
Wands
 b - a wand of digging (6)
Scrolls
 e - 2 scrolls of fear {unknown}
 f - 2 scrolls of fog {unknown}
 i - a scroll of magic mapping
 k - a scroll of blinking
 n - a scroll of enchant armour
 r - 3 scrolls of teleportation {unknown}
Potions
 c - a potion of berserk rage {unknown}
 d - a potion of might {unknown}
 g - a potion of flight {unknown}
 l - a potion of haste
 q - a potion of magic
 v - a potion of brilliance {unknown}


   Skills:
 + Level 4.6 Fighting
 + Level 7.6 Long Blades
 + Level 5.2 Armour
 + Level 4.1 Dodging
 + Level 2.2 Stealth
 + Level 5.3 Shields
 + Level 0.2 Evocations


You had 7 spell levels left.
You didn't know any spells.
Your spell library was empty.

Dungeon Overview and Level Annotations

Branches:
Dungeon (5/15)
 Temple: D:4-7

Altars:
Ashenzari
Ru
The Shining One

Shops:
D:2 *


Innate Abilities, Weirdness & Mutations

You have a beak for a mouth.
You have claws for feet.
Your magical nature lets you fly swiftly and evasively.


Message History

The water moccasin is heavily wounded.
You feel very sick. You block the water moccasin's attack.
The water moccasin bites you!
* * * LOW HITPOINT WARNING * * *
Aiming: Iceblast
Press: ? - help, Shift-Dir - straight line The mass of ice explodes!
The iceblast engulfs the water moccasin!
The water moccasin is almost dead.
The now-empty wand crumbles to dust.
You feel sick. You block the water moccasin's attack.
You don't have any such object.
Evoke which item? (* to show all) (? for menu, Esc to quit)
Huh?
Evoke which item? (* to show all) (? for menu, Esc to quit)
Okay, then.
Your shield prevents you from hitting the water moccasin.
You claw the water moccasin, but do no damage.
The water moccasin is almost dead.
You feel very sick.
The water moccasin bites you but does no damage.
The water moccasin bites you.
* * * LOW HITPOINT WARNING * * *
You are lethally poisoned!
The water moccasin poisons you!
You closely miss the water moccasin. You claw the water moccasin.
You kill the water moccasin!
Trog accepts your kill.
* * * LOW HITPOINT WARNING * * *
You feel very sick.
You recover from your berserk rage.
* * * LOW HITPOINT WARNING * * *
You feel very sick.
Things that are here:
a +0 shortbow; 17 arrows It was a potion of magic.
Magic courses through your body.
* * * LOW HITPOINT WARNING * * *
You feel very sick.
It was a potion of haste.
You feel yourself speed up.
You die...

########## ..>.......
#########
##.#######.####.......####
#.# #......@.†..!...# ##.#
######.#####.##.# ...# #.#
#.# # .#.# #.# #.# ...#
########.# #.#
.#.#####.....)..# #.#
.#.......######## #.#
.######### #.# .# #####
#.#


There were no monsters in sight!

Vanquished Creatures
  Pikel (D:5)
  Grinder (D:4)
  Sigmund (D:3)
  Menkaure (D:4)
  A water moccasin (D:5)
  2 ogres
  A centaur (D:5)
  A scorpion (D:4)
  An orc priest (D:3)
  A centaur skeleton (D:4)
  An iguana (D:4)
  An orc wizard (D:3)
  3 adders
  An adder zombie (D:4)
  2 worms
  4 dart slugs
  8 orcs
  6 ball pythons
  4 bats
  6 endoplasms
  4 giant cockroaches
  6 goblins
  7 hobgoblins
  6 jackals
  3 kobolds
  5 quokkas (D:2)
  2 frilled lizards (D:2)
  2 rats
82 creatures vanquished.

Notes
Turn   | Place    | Note
-------+----------+-------------------------------------------
     0 | D:1      | robertstho the Tengu Berserker began the quest for the Orb.
     0 | D:1      | Reached XP level 1. HP: 14/14 MP: 2/2
   188 | D:1      | Reached XP level 2. HP: 19/19 MP: 3/3
   961 | D:2      | Found Neriplem's General Store.
  1245 | D:2      | Reached XP level 3. HP: 14/23 MP: 4/4
  1439 | D:2      | Found a faded altar of an unknown god.
  1812 | D:2      | Bought a scroll of blinking for 75 gold pieces
  1872 | D:2      | Reached skill level 4 in Long Blades
  2234 | D:2      | Reached ** piety under Trog
  2235 | D:2      | Reached skill level 1 in Stealth
  2236 | D:2      | Reached XP level 4. HP: 26/28 MP: 5/5
  2520 | D:3      | Found a broken altar of Ashenzari.
  2736 | D:3      | Noticed Sigmund
  2741 | D:3      | Killed Sigmund
  2742 | D:3      | Reached skill level 1 in Shields
  2742 | D:3      | Gained mutation: Your magical nature lets you fly swiftly
                  | and evasively. [Tengu growth]
  2742 | D:3      | Reached XP level 5. HP: 33/33 MP: 6/6
  2794 | D:3      | Reached XP level 6. HP: 38/38 MP: 7/7
  2798 | D:3      | Reached skill level 5 in Long Blades
  3115 | D:3      | Found a sacrificial altar of Ru.
  3129 | D:3      | Found a glowing golden altar of the Shining One.
  3199 | D:4      | Noticed Grinder
  3211 | D:4      | Killed Grinder
  3212 | D:4      | Reached XP level 7. HP: 43/43 MP: 8/8
  3615 | D:4      | Reached skill level 6 in Long Blades
  3972 | D:4      | Noticed Menkaure
  3975 | D:4      | Killed Menkaure
  4450 | D:5      | Entered Level 5 of the Dungeon
  4450 | D:5      | Noticed Pikel
  4454 | D:5      | Killed Pikel
  4455 | D:5      | Reached skill level 7 in Long Blades
  4455 | D:5      | Reached XP level 8. HP: 48/48 MP: 9/9
  4595 | D:5      | Reached skill level 5 in Armour
  4595 | D:5      | Reached skill level 5 in Shields
  4602 | D:5      | HP: 2/48 [poisoned by a water moccasin]
  4604 | D:5      | Succumbed to a water moccasin's poison

Illustrated notes

Levels and vault maps discovered:
D:1:      lemuel_arrival_room, layout_loops_cross
D:2:      minmay_chambers_of_twos, layout_basic,
          chequers_ecumenical_altar_island, serial_shops, shop
D:3:      layout_basic, minitemple, nicolae_overflow_hidden_temple, uniq_sigmund
D:4:      minmay_diamond_boxcup, layout_loops_ring, grunt_ministairs_5,
          uniq_menkaure, uniq_grinder
D:5:      layout_loops_ring, uniq_pikel, uniq_edmund

Skill      XL: |  1  2  3  4  5  6  7  8 |
---------------+-------------------------+-----
Long Blades    | 4 5 7 |  7.6
Stealth        | 1 2 |  2.2
Dodging        | 3 4 |  4.1
Shields        | 1 2 3 4 5 |  5.3
Fighting       | 4 |  4.6
Armour         | 3 4 5 |  5.2
Evocations     | |  0.2

Action                   |  1- 3 |  4- 6 |  7- 9 || total
-------------------------+-------+-------+-------++-------
Melee: Falchion          |    58 |    45 |    61 ||   164
       Kick              |    14 |    14 |    23 ||    51
       Peck              |     9 |    10 |    10 ||    29
Invok: Berserk           |     4 |     3 |     4 ||    11
       Trog's Hand       |       |       |     2 ||     2
Evoke: Wand              |       |       |     6 ||     6
  Use: Scroll            |     1 |     1 |       ||     2
       Potion            |       |       |     4 ||     4
 Stab: Sleeping          |     7 |       |       ||     7
Armor: Animal skin       |     5 |     7 |       ||    12
       Chain mail        |       |     6 |     2 ||     8
       Plate armour      |       |       |    47 ||    47
Dodge: Dodged            |    21 |    13 |    11 ||    45
Block: Tower shield      |    36 |    37 |    64 ||   137
       Rpst.: Falchion   |     5 |     3 |     4 ||    12

Table legend: (Time is in decaauts)
 A = Elapsed time spent in this place.
 B = Non-inter-level travel time spent in this place.
 C = Inter-level travel time spent in this place.
 D = Time resting spent in this place.
 E = Time spent auto-exploring this place.
 F = Levels seen in this place.
 G = Mean time per level.
                   A        B        C        D        E       F      G
               +--------+--------+--------+--------+--------+-----+--------+
         Total |   4667 |   4473 |    194 |    202 |   3617 |   5 |  933.4 |
       Dungeon |   4667 |   4473 |    194 |    202 |   3617 |   5 |  933.4 |
               +--------+--------+--------+--------+--------+-----+--------+

Top non-repeatable levels by time:
     D:2: 1696 daAuts
     D:4: 1258 daAuts
     D:3: 781 daAuts
     D:1: 767 daAuts
     D:5: 163 daAuts
